 Dungeon Crawl Stone Soup version 0.26.1-11-gd32895ea62 (webtiles) character file.

Game seed: 5775940983128636395

180 Tirrikindir the Gusty (level 5, -3/29 HPs)
             Began as a Tengu Air Elementalist on June 23, 2021.
             Was an Initiate of Ashenzari.
             Slain by an orc
             ... wielding a +4 mace
              (4 damage)
             ... on level 4 of the Dungeon.
             The game lasted 00:09:14 (3564 turns).

Tirrikindir the Gusty (Tengu Air Elementalist)      Turns: 3564, Time: 00:09:15

Health: -3/29      AC:  6    Str:  8    XL:     5   Next: 60%
Magic:  4/9        EV: 15    Int: 17    God:    Ashenzari [......]
Gold:   190        SH:  0    Dex: 14    Spells: 3/8 levels left

rFire    . . .     SeeInvis .   b - +0 whip (curse)
rCold    . . .     Faith    .   (no shield)
rNeg     . . .     Spirit   .   j - +0 leather armour
rPois    .         Reflect  .   (helmet restricted)
rElec    .         Harm     .   (no cloak)
rCorr    .         Rampage  .   d - +2 pair of gloves
Will     .....                  (boots unavailable)
Stlth    ++........             (no amulet)
HPRegen  0.09/turn              (no ring)
MPRegen  0.11/turn              (no ring)

@: flying quickly and evasively, quick
A: beak, talons 3, able to fly
a: Stop Flying, Renounce Religion, Curse Item


You were on level 4 of the Dungeon.
You worshipped Ashenzari.
Ashenzari was noncommittal.
You visited 1 branch of the dungeon, and saw 4 of its levels.

You collected 190 gold pieces.

Inventory:

Hand Weapons
 b - a cursed +0 whip (weapon)
 m - a +0 flail
Armour
 a - a +0 robe
 d - a +2 pair of gloves (worn)
 j - a +0 leather armour (worn)
Wands
 l - a wand of acid (4)
Scrolls
 c - 2 scrolls of enchant armour
 p - a scroll of random uselessness {unknown}
Potions
 e - a potion of might
 f - a potion of degeneration {unknown}
 g - 2 potions of mutation {unknown}
 h - 5 potions of heal wounds {unknown}
 i - a potion of flight {unknown}
 k - a potion of haste {unknown}
 n - a potion of attraction {unknown}
 o - a potion of ambrosia {unknown}
 q - 2 potions of curing {unknown}


   Skills:
 + Level 1.5 Fighting
 + Level 1.1 Armour
 + Level 3.0 Dodging
 + Level 2.7 Stealth
 + Level 2.4 Spellcasting
 + Level 2.5 Conjurations
 * Level 5.4 Air Magic
 + Level 0.9 Evocations


You had 3 spell levels left.
You knew the following spells:

 Your Spells              Type           Power        Failure   Level
a - Shock                 Conj/Air       60%          4%          1
b - Airstrike             Air            10%          28%         4

Your spell library contained the following spells:

 Spells                   Type           Power        Failure   Level
 Swiftness                Air            20%          4%          2
 Static Discharge         Conj/Air       15%          16%         3
 Lightning Bolt           Conj/Air       7%           80%         5


Dungeon Overview and Level Annotations

Branches:
Dungeon (4/15)
 Temple: D:4-7

Altars:
Ashenzari
Dithmenos
Fedhas
Hepliaklqana
Makhleb
Nemelex Xobeh
Ru
Vehumet
The Shining One


Innate Abilities, Weirdness & Mutations

You have a beak for a mouth.
You have claws for feet.
You can fly continuously.


Message History

The orc hits you with a +4 mace!
You barely miss the orc. Your peck misses the orc.
The orc wizard barely misses you. The orc hits you with a +4 mace.
* * * LOW HITPOINT WARNING * * *
The orc wizard barely misses you.
The orc wizard mumbles some strange words.
The orc wizard seems to speed up.
The orc wizard mumbles some strange words.
The orc wizard blinks!
The orc wizard hits you but does no damage.
The orc closely misses you.
The orc wizard hits you but does no damage.
The orc wizard hits you with a +0 dagger.
* * * LOW HITPOINT WARNING * * *
The orc wizard hits you but does no damage.
There is a stone staircase leading up here.
The orc wizard hits you with a +0 dagger.
* * * LOW HITPOINT WARNING * * *
The orc hits you with a +4 mace.
You die...

.# # ######### .# .
#.......##########.#.# #
.#.####.........).#.#.# ..
...................... ..
..##+#+####...........#.#...#
#....................<......
###.........o..........#......
...$$.......o@......#+#.....#.
#....)......######.#.#.#.....
#...........# #.....#.....
#...........# ##.###....##
#...........# #.# . #.#
#.########### #(# .# .# .. #.#
# #.. ##.


You could see an orc wizard (fast) and an orc.

Vanquished Creatures
  A crimson imp (D:3)
  An orc wizard (D:4)
  6 adders
  An ooze (D:3)
  3 dart slugs
  2 leopard geckos
  An orc (D:3)
  A giant cockroach (D:2)
  5 goblins
  9 hobgoblins
  2 jackals (D:2)
  4 kobolds
  4 ball pythons
  10 bats
  A frilled lizard (D:2)
  7 rats
58 creatures vanquished.

Vanquished Creatures (others)
  30 plants (D:1)
30 creatures vanquished.

Grand Total: 88 creatures vanquished

Notes
Turn   | Place    | Note
-------+----------+-------------------------------------------
     0 | D:1      | Tirrikindir the Tengu Air Elementalist began the quest for
                  | the Orb.
     0 | D:1      | Reached XP level 1. HP: 10/10 MP: 4/4
   232 | D:1      | Reached XP level 2. HP: 15/15 MP: 0/6
  1470 | D:2      | Reached XP level 3. HP: 17/20 MP: 5/7
  1551 | D:2      | Found a blossoming altar of Fedhas.
  1659 | D:2      | Reached skill level 1 in Fighting
  1659 | D:2      | Reached XP level 4. HP: 25/25 MP: 3/8
  1724 | D:2      | Found a glowing golden altar of the Shining One.
  1805 | D:2      | Found a sparkling altar of Nemelex Xobeh.
  1814 | D:2      | Found a shadowy altar of Dithmenos.
  1815 | D:2      | Found a broken altar of Ashenzari.
  1819 | D:2      | Became a worshipper of Ashenzari the Shackled
  1928 | D:2      | Found a hazy altar of Hepliaklqana.
  2242 | D:2      | Learned a level 4 spell: Airstrike
  2621 | D:3      | Reached skill level 5 in Air Magic
  2631 | D:3      | Found a sacrificial altar of Ru.
  2978 | D:3      | Gained mutation: You can fly continuously. [Tengu growth]
  2978 | D:3      | Reached XP level 5. HP: 24/29 MP: 7/9
  3332 | D:3      | Found a burning altar of Makhleb.
  3332 | D:3      | Found a radiant altar of Vehumet.
  3392 | D:3      | Reached skill level 1 in Armour
  3564 | D:4      | HP: 1/29 [orc wizard/+0 dagger (4)]
  3564 | D:4      | Slain by an orc

Illustrated notes

Levels and vault maps discovered:
D:1:      wander_arrival_lonely_grave, layout_loops_ring, serial_forest,
          infiniplex_forest_lined_2, infiniplex_forest_clump_cross,
          infiniplex_forest_end_1, infiniplex_forest_lined_room_3,
          infiniplex_forest_clump_small, infiniplex_forest_pool,
          chequers_serial_rivers_small_b, serial_bayou_pond_c
D:2:      layout_basic, lemuel_round_altar, marbit_many_paths, minitemple,
          fedhas_ov_isle_minmay
D:3:      layout_loops_ring, lemuel_round_altar,
          grunt_temple_overflow_lords_of_destruction, grunt_decor_arrowhead
D:4:      layout_basic, overflow_temple_1_default,
          minmay_temple_entry_large_hall

Skill      XL: |  1  2  3  4  5 |
---------------+----------------+-----
Conjurations   | 2 |  2.5
Fighting       | 1 |  1.5
Air Magic      | 5 |  5.4
Armour         | 1 |  1.1
Dodging        | 3 |  3.0
Stealth        | |  2.7
Spellcasting   | |  2.4
Evocations     | |  0.9

Action                   |  1- 3 |  4- 6 || total
-------------------------+-------+-------++-------
Melee: Whip              |    68 |    71 ||   139
       Kick              |    25 |    16 ||    41
       Peck              |    16 |     2 ||    18
 Cast: Shock             |    45 |    58 ||   103
Invok: Curse Item        |       |     1 ||     1
 Abil: Fly               |       |     1 ||     1
  Use: Scroll            |     2 |     4 ||     6
 Stab: Sleeping          |       |     2 ||     2
Armor: Robe              |     2 |       ||     2
       Leather armour    |     1 |    24 ||    25
Dodge: Dodged            |    19 |    61 ||    80
